 Dungeon Crawl Stone Soup version 0.20.1-1-g8b1a95d (webtiles) character file.

94 slep the Skirmisher (level 4, -1/32 HPs)
             Began as a Demonspawn Monk on Nov 5, 2017.
             Was a Priest of Hepliaklqana.
             Slain by a gnoll
             ... wielding a +0 spear
              (6 damage)
             ... on level 3 of the Dungeon.
             The game lasted 00:12:36 (1951 turns).

slep the Skirmisher (Demonspawn Monk)               Turns: 1951, Time: 00:12:37

Health: -1/32      AC:  4    Str: 15      XL:     4   Next: 38%
Magic:  4/4        EV: 12    Int: 10 (11) God:    Hepliaklqana [***...]
Gold:   119        SH:  4    Dex: 17      Spells: 3/3 levels left

rFire    + . .     SeeInvis .   a - +0 falchion
rCold    . . .     Gourm    +   k - +0 buckler
rNeg     . . .     Faith    .   v - +0 leather armour
rPois    +         Spirit   .   g - +0 helmet
rElec    .         Reflect  .   (no cloak)
rCorr    .         Harm     .   (no gloves)
MR       .....                  (no boots)
Stlth    ++........             i - amulet of the gourmand
Regen    0.1/turn               t - +4 ring of strength
MPRegen  0.1/turn               s - ring of protection from fire

@: no status effects
A: reduced essence, talons 2, deterioration 1, poison resistance
a: Ancestor Life: Knight, Ancestor Life: Battlemage, Ancestor Life: Hexer,
Recall Ancestor, Ancestor Identity, Transference, Renounce Religion


You were on level 3 of the Dungeon.
You worshipped Hepliaklqana.
Hepliaklqana was most pleased with you.
You were very full.

You visited 1 branch of the dungeon, and saw 3 of its levels.

You collected 119 gold pieces.

Inventory:

Hand Weapons
 a - a +0 falchion (weapon)
Missiles
 l - 4 javelins (quivered)
 n - 24 bolts
 p - 8 tomahawks
 u - 24 sling bullets
Armour
 b - a +0 robe
 g - a +0 helmet (worn)
 k - a +0 buckler (worn)
 v - a +0 leather armour (worn)
Jewellery
 i - an amulet of the gourmand (around neck)
 j - an uncursed ring of protection from cold
 s - a ring of protection from fire (right hand)
 t - a +4 ring of strength (left hand)
Scrolls
 h - 3 scrolls of teleportation {unknown}
 m - 2 scrolls of identify {unknown}
 o - a scroll of remove curse {unknown}
 q - 2 scrolls of amnesia {unknown}
 w - 2 scrolls of enchant weapon {unknown}
 x - a scroll of magic mapping {unknown}
 y - a scroll of enchant armour {unknown}
Potions
 d - a potion of might
 e - a potion of curing
Comestibles
 c - 2 bread rations
 f - 6 fruits
 r - a royal jelly


   Skills:
 + Level 3.6 Fighting
 + Level 3.5 Long Blades
 + Level 0.1 Armour
 + Level 3.2 Dodging
 + Level 2.5 Stealth
 + Level 0.1 Shields


You had 3 spell levels left.
You didn't know any spells.

Dungeon Overview and Level Annotations

Branches:
Dungeon (3/15)

Altars:
Hepliaklqana
Makhleb
Nemelex Xobeh
The Shining One


Innate Abilities, Weirdness & Mutations

You have razor-sharp toenails.
Your life essence is reduced to manifest your ancestor. (-10% HP)
Your body sometimes deteriorates upon taking damage.
Your system is resistant to poisons. (rPois)


Message History

The gnoll misses you. You block the gnoll's attack.
You hit the gnoll.
The gnoll is lightly wounded.
The gnoll hits you but does no damage.
You barely miss the gnoll. You claw the gnoll, but do no damage.
The gnoll is lightly wounded.
You block the gnoll's attack. x2
You slash the gnoll! You claw the gnoll, but do no damage.
The gnoll is severely wounded.
The gnoll hits you with a flail!
The gnoll hits you from afar with a spear.
You hit the gnoll but do no damage.
The gnoll is severely wounded.
The gnoll hits you with a flail.
* * * LOW HITPOINT WARNING * * *
The gnoll hits you but does no damage.
You hit the gnoll. Your kick misses the gnoll.
The gnoll is severely wounded.
The gnoll hits you from afar with a spear.
You die...

..# #.# #.#.#
#########.##
########.###.#.#.#
#.#
.............#.#.#
#.#
########.#####.#.#
#.# #......#.#
#.#.# #.#
#.####.#.#####.#g#
#.# ..#
#.#.......#g# #.#
#.# #.........#g#
#.# ###
#########.#@#
#.#R# #.#.# #.#.#
#...# #####


You could see the friendly Gladwin the ancestor and 3 gnolls.

Vanquished Creatures
  2 adders (D:3)
  A gnoll (D:3)
  2 worms
  2 dart slugs
  2 leopard geckos (D:1)
  4 orcs (D:3)
  2 bats
  2 giant cockroaches
  A goblin (D:3)
  5 hobgoblins
  8 jackals
  2 kobolds (D:3)
  3 ball pythons
  A rat (D:2)
37 creatures vanquished.

Vanquished Creatures (collateral kills)
  An orc (D:3)
  4 jackals
  A bat (D:3)
  A rat (D:3)
7 creatures vanquished.

Grand Total: 44 creatures vanquished

Notes
Turn   | Place    | Note
-------+----------+-------------------------------------------
     0 | D:1      | slep the Demonspawn Monk began the quest for the Orb.
     0 | D:1      | Reached XP level 1. HP: 18/18 MP: 1/1
   535 | D:1      | Gained mutation: You have sharp toenails. [demonic ancestry]
   535 | D:1      | Reached XP level 2. HP: 22/24 MP: 2/2
   751 | D:1      | Found a glowing golden altar of the Shining One.
  1032 | D:2      | Found a faded altar of an unknown god.
  1059 | D:2      | Became a worshipper of Hepliaklqana the Forgotten
  1059 | D:2      | Reached * piety under Hepliaklqana
  1059 | D:2      | Reached ** piety under Hepliaklqana
  1107 | D:2      | Found a burning altar of Makhleb.
  1330 | D:3      | Gained mutation: You have razor-sharp toenails. [demonic ancestry]
  1330 | D:3      | Reached XP level 3. HP: 24/26 MP: 3/3
  1414 | D:3      | Gained mutation: Your body sometimes deteriorates upon taking damage. [potion of mutation]
  1414 | D:3      | Gained mutation: Your system is resistant to poisons. (rPois) [potion of mutation]
  1480 | D:3      | Reached XP level 4. HP: 12/31 MP: 4/4
  1498 | D:3      | Reached *** piety under Hepliaklqana
  1707 | D:3      | Found a sparkling altar of Nemelex Xobeh.
  1951 | D:3      | Slain by a gnoll

Skill      XL: |  1  2  3 |
---------------+----------+-----
Long Blades    | 3 |  3.5
Stealth        | 2 |  2.5
Dodging        | 3 |  3.2
Fighting       | |  3.6
Armour         | |  0.1
Shields        | |  0.1

Action                   |  1- 3 |  4- 6 || total
-------------------------+-------+-------++-------
Melee: Falchion          |    75 |    23 ||    98
       Kick              |    17 |     8 ||    25
Invok: Ancestor Identity |     1 |       ||     1
  Use: Potion            |     3 |       ||     3
 Stab: Sleeping          |     1 |     1 ||     2
  Eat: Chunk             |    13 |     1 ||    14
Armor: Leather armour    |     6 |     5 ||    11
       Robe              |     1 |       ||     1
Dodge: Dodged            |    46 |    10 ||    56
Block: Buckler           |     9 |     4 ||    13
       Rpst.: Falchion   |    13 |     2 ||    15
